 Dungeon Crawl Stone Soup version 0.30.0-5-g1a98f26d00 (webtiles) character file.

Game seed: 10563849828288422801

126 voltaire321 the Digger (level 5, -3/29 HPs)
             Began as a Gargoyle Earth Elementalist on May 11, 2023.
             Slain by an orc
             ... wielding a +2 flail of protection
              (5 damage)
             ... on level 3 of the Dungeon.
             The game lasted 00:06:15 (2297 turns).

voltaire321 the Digger (GrEE)                       Turns: 2297, Time: 00:06:16

Health: -3/29      AC:  7    Str: 11    XL:     5   Next: 9%
Magic:  8/8        EV: 11    Int: 18    God:
Gold:   100        SH:  0    Dex: 10    Spells: 2/8 levels left

rFire   . . .        g - +0 dagger
rCold   . . .        (no shield)
rNeg    + . .        i - +0 leather armour
rPois   ∞            (no helmet)
rElec   +            (no cloak)
rCorr   .            (no gloves)
SInv    .            (no boots)
Will    .....        (no amulet)
Stlth   ++           (no ring)
HPRegen 0.24/turn    (no ring)
MPRegen 0.11/turn

%: no passive effects
@: very slightly contaminated
A: sickness immunity, AC +4, negative energy resistance 1, electricity
resistance, torment resistance 1, petrification resistance
a: no special abilities


You were on level 3 of the Dungeon.
You visited 1 branch of the dungeon, and saw 3 of its levels.

You collected 100 gold pieces.

Inventory:

Hand Weapons
 g - a +0 dagger (weapon)
Armour
 i - a +0 leather armour (worn)
 m - a +0 robe of resistance
Scrolls
 c - 2 scrolls of teleportation {unknown}
 f - 5 scrolls of identify {unknown}
 l - a scroll of silence {unknown}
Potions
 a - a potion of might {unknown}
 d - a potion of heal wounds {unknown}
 h - a potion of haste {unknown}
 j - 3 potions of lignification {unknown}
 k - a potion of mutation {unknown}


   Skills:
 + Level 1.5 Fighting
 + Level 1.8 Armour
 + Level 2.2 Dodging
 - Level 2.1 Stealth
 + Level 2.4 Spellcasting
 + Level 1.3 Conjurations
 + Level 1.4 Transmutations
 + Level 4.2 Earth Magic


You had 2 spell levels left.
You knew the following spells:

 Your Spells              Type           Power      Damage    Failure   Level
a - Sandblast             Erth           34%        2d9       4%          1
b - Passwall              Tmut/Erth      10%        N/A       11%         2
c - Stone Arrow           Conj/Erth      24%        3d8       22%         3

Your spell library contained the following spells:

 Spells                   Type           Power      Damage    Failure   Level
 Petrify                  Tmut/Erth      12%        N/A       56%         4


Dungeon Overview and Level Annotations

Branches:
Dungeon (3/15)

Altars:

Shops:
D:1 ?


Innate Abilities, Weirdness & Mutations

You are immune to sickness and miasma.
Your stone body is resilient. (AC +4)
You are immune to poison.
You resist negative energy. (rN+)
You are resistant to electric shocks. (rElec)
You are resistant to unholy torment.
You are immune to petrification.


Message History

Press: ? - help, Q - select action, (/) - cycle Shift-Dir - straight line, f/p - orc
Aim: an orc, wielding a +2 flail of protection (82% to hit)
The blast of sand misses the orc.
The orc closely misses you. The orc barely misses you.
Aiming: Sandblast (safe; 4% risk of failure)
Press: ? - help, Q - select action, (/) - cycle Shift-Dir - straight line, f/p - orc
Aim: an orc, wielding a +2 flail of protection (82% to hit)
The blast of sand misses the orc.
The orc hits you with a +2 flail of protection.
Aiming: Sandblast (safe; 4% risk of failure)
Press: ? - help, Q - select action, (/) - cycle Shift-Dir - straight line, f/p - orc
Aim: an orc, wielding a +2 flail of protection (82% to hit)
The blast of sand hits the orc but does no damage.
The orc hits you with a +2 flail of protection.
The orc hits you but does no damage.
Aiming: Sandblast (safe; 4% risk of failure)
Press: ? - help, Q - select action, (/) - cycle Shift-Dir - straight line, f/p - orc
Aim: an orc, wielding a +2 flail of protection (82% to hit)
You miscast Sandblast.
You are very lightly contaminated with residual magic.
Nothing appears to happen.
The orc hits you with a +2 flail of protection.
You hit the orc but do no damage. The orc misses you.
You hit the orc but do no damage.
The orc hits you with a +2 flail of protection.
Aiming: Sandblast (safe; 4% risk of failure)
Press: ? - help, Q - select action, (/) - cycle Shift-Dir - straight line, f/p - orc
Aim: an orc, wielding a +2 flail of protection (82% to hit)
The blast of sand hits the orc.
The orc is almost dead.
The orc hits you with a +2 flail of protection!
* * * LOW HITPOINT WARNING * * *
You hit the orc but do no damage.
The orc is almost dead.
The orc hits you with a +2 flail of protection.
* * * LOW HITPOINT WARNING * * *
Okay, then.
Magic courses through your body.
The orc hits you with a +2 flail of protection.
You die...

....... # ....... ##.
.o.....## #.. ........#
#.# (.......# #.#
........# #.# ...
........########.####....
.o....:†))o@)....<.......
.......####.........##...
......# #.........#
..#### #.........# .
#..)......# #.........#
#.........# ###########


You could see an orc.

Vanquished Creatures
  2 orc wizards
  An adder (D:2)
  4 dart slugs
  5 orcs
  2 bats
  2 endoplasms
  A giant cockroach (D:1)
  5 goblins (D:2)
  8 hobgoblins
  6 jackals
  3 quokkas (D:1)
  A ball python (D:1)
  3 kobolds
  9 rats
52 creatures vanquished.

Notes
Turn   | Place    | Note
-------+----------+-------------------------------------------
     0 | D:1      | voltaire321 the Gargoyle Earth Elementalist began the quest
                  | for the Orb.
     0 | D:1      | Reached XP level 1. HP: 10/10 MP: 3/3
    68 | D:1      | Found a faded altar of an unknown god.
   242 | D:1      | Reached XP level 2. HP: 15/16 MP: 1/5
   439 | D:1      | Reached skill level 1 in Transmutations
   793 | D:1      | Found The Oracle's Delphic Readings.
   799 | D:1      | Reached skill level 1 in Armour
   825 | D:1      | Reached XP level 3. HP: 20/20 MP: 3/6
  1392 | D:2      | Reached skill level 1 in Fighting
  1533 | D:2      | Learned a level 2 spell: Passwall
  1537 | D:2      | Learned a level 3 spell: Stone Arrow
  1815 | D:2      | Reached skill level 4 in Earth Magic
  1990 | D:3      | Reached XP level 4. HP: 25/25 MP: 4/7
  2106 | D:2      | Reached skill level 1 in Conjurations
  2288 | D:3      | Reached XP level 5. HP: 27/29 MP: 4/8
  2297 | D:3      | Slain by an orc

Illustrated notes

Levels and vault maps discovered:
D:1:      saegor_arrival_miasma, layout_loops_ring, basic_ecumenical_altar,
          nicolae_nh_oracle_at_delphi
D:2:      layout_basic, chequers_hall_statues_wall_a
D:3:      layout_rooms, gammafunk_temple_overflow_statue, minmay_statues_item,
          solitary_fountain

Skill      XL: |  1  2  3  4 |
---------------+-------------+-----
Transmutations | 1 |  1.4
Armour         | 1 |  1.8
Fighting       | 1 |  1.5
Dodging        | 2 |  2.2
Earth Magic    | 4 |  4.2
Conjurations   | 1 |  1.3
Stealth        | |  2.1
Spellcasting   | |  2.4

Action                     |  1- 3 |  4- 6 || total
---------------------------+-------+-------++-------
  Melee: Unarmed           |    16 |       ||    16
         Dagger            |     3 |    25 ||    28
   Cast: Sandblast         |    56 |    30 ||    86
         Passwall          |       |     1 ||     1
    Use: Potion            |       |     4 ||     4
 Armour: Robe              |     5 |       ||     5
         Leather armour    |     3 |    21 ||    24
  Dodge: Dodged            |    23 |    20 ||    43
